 Dungeon Crawl Stone Soup version 0.20.1-1-g8b1a95d (webtiles) character file.

3351 gobwax the Destroyer (level 9, -4/56 (57) HPs)
             Began as a Demonspawn Air Elementalist on Aug 12, 2017.
             Was a Believer of Vehumet.
             Slain by a two-headed ogre
             ... wielding a +0 giant club
              (18 damage)
             ... on level 8 of the Dungeon.
             The game lasted 00:24:29 (6426 turns).

gobwax the Destroyer (Demonspawn Air Elementalist)  Turns: 6426, Time: 00:24:30

HP:   -4/56 (57)    AC: 15    Str:  9    XL:     9   Next: 72%
MP:   18/29         EV: 10    Int: 19    God:    Vehumet [**....]
Gold: 231           SH:  0    Dex: 14    Spells: 13/23 levels left

rFire    . . .     SeeInvis .   t - +1 whip (elec)
rCold    . . .     Gourm    .   (no shield)
rNeg     . . .     Faith    .   j - quicksilver dragon scales
rPois    .         Spirit   .   (no helmet)
rElec    .         Reflect  .   (no cloak)
rCorr    .         Harm     .   (no gloves)
MR       +....                  x - +2 pair of boots
Stlth    +.........             (no amulet)
Regen    0.2/turn               f - ring of magical power
MPRegen  0.3/turn               (no ring)

@: swift (expiring), very quick
A: thin metallic scales 2, spiny 2
a: Renounce Religion


You were on level 8 of the Dungeon.
You worshipped Vehumet.
Vehumet was pleased with you.
You were not hungry.

You visited 1 branch of the dungeon, and saw 8 of its levels.

You collected 231 gold pieces.

Inventory:

Hand Weapons
 p - a +1 short sword of draining
 t - a +1 whip of electrocution (weapon)
Armour
 a - a +1 robe
 j - quicksilver dragon scales (worn)
 x - a +2 pair of boots (worn)
Jewellery
 f - a ring of magical power (left hand)
 y - an uncursed amulet of rage
Wands
 r - a wand of acid (7/15)
 u - a wand of iceblast (9/15)
 B - a wand of acid (9/15)
Scrolls
 e - a scroll of teleportation
 i - a scroll of enchant weapon {unknown}
 m - 6 scrolls of identify
 n - a scroll of immolation
 q - a scroll of recharging
 s - 2 scrolls of enchant armour
Potions
 g - a potion of invisibility {unknown}
 h - 3 potions of curing
 k - 2 potions of ambrosia {unknown}
 l - 2 potions of flight {unknown}
 v - 2 potions of haste {unknown}
 w - a potion of might {unknown}
 z - a potion of mutation {unknown}
 A - a potion of agility {unknown}
Books
 b - a book of Air

   Spells                             Type                      Level
   a - Shock                          Conjuration/Air              1
   b - Swiftness                      Charms/Air                   2
   c - Static Discharge               Conjuration/Air              3
   d - Airstrike                      Air                          4
   e - Lightning Bolt                 Conjuration/Air              5
Comestibles
 c - 4 bread rations
 d - 5 meat rations
 o - 6 fruits


   Skills:
 - Level 1.7 Dodging
 - Level 1.7 Stealth
 + Level 7.9 Spellcasting
 + Level 8.1 Conjurations
 - Level 0.1 Charms
 + Level 7.4 Air Magic


You had 13 spell levels left.
You knew the following spells:

 Your Spells              Type           Power        Failure   Level  Hunger
a - Shock                 Conj/Air       ####         1%          1    None
b - Swiftness             Chrm/Air       ###.....     9%          2    None
c - Static Discharge      Conj/Air       #####...     3%          3    None
d - Airstrike             Air            #####.....   12%         4    ###....


Dungeon Overview and Level Annotations

Branches:
Dungeon (8/15)             Temple (0/1) D:7
   Lair: D:8-11

Altars:
Cheibriados
Dithmenos
Gozag
Kikubaaqudgha
Makhleb
Nemelex Xobeh
Ru
Vehumet
Xom
Zin
The Shining One

Shops:
D:4 (   D:5 *

Annotations:
D:3 polve's ghost, amateur OpFE
D:8 Shiggs's ghost, novice NaFE


Innate Abilities, Weirdness & Mutations

You are mostly covered in thin metallic scales. (AC +3)
You are mostly covered in sharp spines.


Message History

The zap hits the iguana.
You kill the iguana!
Vehumet accepts your kill.
The zap hits the two-headed ogre.
The two-headed ogre is moderately wounded.
Found a stone staircase leading down.
Casting: Shock
Confirm with . or Enter, or press ? or * to list all spells.
You feel quick.
The two-headed ogre hits you with a giant club! x2
There is a stone staircase leading down here.
You start to feel a little slower.
The two-headed ogre hits you with a giant club!!
* * * LOW HITPOINT WARNING * * *
The two-headed ogre hits you with a giant club.
* * * LOW HITPOINT WARNING * * *
There is a stone staircase leading down here.
The two-headed ogre is struck by your spines.
The two-headed ogre hits you with a giant club!!
You die...

#.# #...# .. ...# .#####.
##...#
.......###########....#
#...†......##..#..####
###...................
###........#........ ###..
#.#####..#........
..##...###....#.@..........
#..###.....##..O#...#######
....######..###......#
....#######........#.#
........)..).....###.#
....######)..)..... ..
....# #......#.# ... ....#
#.....##.. ... ....#
#.....# #.#


You could see a two-headed ogre.

Vanquished Creatures
  Pikel (D:7)
  Joseph (D:7)
  Prince Ribbit (D:6)
  An ice beast (D:8)
  2 orc warriors
  3 slaves (D:7)
  An ogre (D:6)
  5 phantoms
  A necrophage (D:7)
  2 centaurs
  Blork the orc (D:6)
  A big kobold (D:7)
  A bullfrog (D:6)
  5 killer bees (D:7)
  A howler monkey (D:4)
  4 crimson imps
  A bullfrog zombie (D:5)
  3 hounds
  A quasit (D:5)
  A bullfrog skeleton (D:5)
  4 jellies
  2 orc priests (D:6)
  2 orc wizards
  Ijyb (D:4)
  An iguana (D:8)
  2 worker ants
  A howler monkey zombie (D:6)
  5 adders
  An ooze (D:4)
  An adder zombie (D:5)
  An adder skeleton (D:3)
  4 worms
  2 dart slugs
  5 leopard geckos
  19 orcs
  5 bats (D:1)
  2 giant cockroaches
  9 goblins
  4 hobgoblins
  9 jackals
  12 kobolds
  3 quokkas
  3 frilled lizards
  A quokka skeleton (D:4)
  6 rats
142 creatures vanquished.

Notes
Turn   | Place    | Note
-------+----------+-------------------------------------------
     0 | D:1      | gobwax the Demonspawn Air Elementalist began the quest for the Orb.
     0 | D:1      | Reached XP level 1. HP: 13/13 MP: 3/3
   452 | D:1      | Gained mutation: You are partially covered in sharp spines. [demonic ancestry]
   452 | D:1      | Reached XP level 2. HP: 19/19 MP: 5/5
  1194 | D:2      | Gained mutation: You are partially covered in thin metallic scales. (AC +2) [demonic ancestry]
  1194 | D:2      | Reached XP level 3. HP: 24/24 MP: 6/6
  1348 | D:2      | Found a radiant altar of Vehumet.
  1355 | D:2      | Became a worshipper of Vehumet
  1697 | D:2      | Reached skill level 2 in Conjurations
  1701 | D:2      | Learned a level 2 spell: Swiftness
  1705 | D:2      | Learned a level 3 spell: Static Discharge
  1880 | D:2      | Found a glowing golden altar of the Shining One.
  1882 | D:2      | Found a shattered altar of Ashenzari.
  1882 | D:2      | Found an ancient bone altar of Kikubaaqudgha.
  1884 | D:2      | Found a burning altar of Makhleb.
  1884 | D:2      | Found an opulent altar of Gozag.
  1884 | D:2      | Found a shimmering altar of Xom.
  2329 | D:3      | Found a sparkling altar of Nemelex Xobeh.
  2391 | D:3      | Noticed a centaur
  2401 | D:3      | Killed a centaur
  2401 | D:3      | Reached XP level 4. HP: 12/30 MP: 8/8
  2401 | D:3      | Reached XP level 5. HP: 14/35 MP: 9/9
  2593 | D:3      | Noticed polve's ghost (amateur OpFE)
  2646 | D:4      | Reached skill level 3 in Conjurations
  2725 | D:4      | Reached * piety under Vehumet
  2725 | D:4      | Offered knowledge of Sandblast by Vehumet.
  2730 | D:4      | Noticed a sky beast
  2730 | D:4      | Noticed a centaur
  2855 | D:4      | Found Yphothag's Weapon Emporium.
  2912 | D:4      | Noticed a phantom
  2922 | D:4      | Killed a phantom
  3025 | D:4      | Gained mutation: You are mostly covered in thin metallic scales. (AC +3) [demonic ancestry]
  3025 | D:4      | Reached XP level 6. HP: 41/41 MP: 11/11
  3181 | D:4      | Reached skill level 4 in Conjurations
  3289 | D:4      | Noticed Ijyb
  3298 | D:4      | Killed Ijyb
  3442 | D:5      | Entered Level 5 of the Dungeon
  3506 | D:5      | Found Aqusuepp's Elemental Accessories.
  3649 | D:5      | Reached XP level 7. HP: 46/46 MP: 13/13
  3740 | D:5      | Offered knowledge of Sting by Vehumet.
  3740 | D:5      | Reached skill level 5 in Conjurations
  4299 | D:6      | Reached ** piety under Vehumet
  4774 | D:6      | Found a shadowy altar of Dithmenos.
  4803 | D:6      | Noticed Prince Ribbit
  4822 | D:6      | Killed Prince Ribbit
  4822 | D:6      | Reached skill level 5 in Spellcasting
  4822 | D:6      | Reached skill level 6 in Conjurations
  4822 | D:6      | Reached skill level 5 in Air Magic
  4822 | D:6      | Reached XP level 8. HP: 48/52 MP: 15/15
  4861 | D:6      | Noticed Blork the orc
  4880 | D:6      | Killed Blork the orc
  5174 | D:6      | Found a snail-covered altar of Cheibriados.
  5177 | D:6      | Found a sacrificial altar of Ru.
  5180 | D:6      | Found a glowing silver altar of Zin.
  5391 | D:7      | Learned a level 4 spell: Airstrike
  5665 | D:7      | Gained mutation: You are mostly covered in sharp spines. [demonic ancestry]
  5665 | D:7      | Reached XP level 9. HP: 39/57 MP: 3/19
  5674 | D:7      | Reached skill level 7 in Conjurations
  5824 | D:7      | Offered knowledge of Dazzling Spray by Vehumet.
  5845 | D:7      | Noticed Pikel
  5857 | D:7      | Killed Pikel
  6104 | D:7      | Found a staircase to the Ecumenical Temple.
  6104 | D:7      | Noticed Joseph
  6122 | D:7      | Killed Joseph
  6122 | D:7      | Reached skill level 8 in Conjurations
  6327 | D:8      | Noticed Shiggs's ghost (novice NaFE)
  6396 | D:8      | Noticed a two-headed ogre
  6426 | D:8      | Slain by a two-headed ogre

Skill      XL: |  1  2  3  4  5  6  7  8  9 |
---------------+----------------------------+-----
Air Magic      | 3 4 5 6 7 |  7.4
Conjurations   | 2 3 4 6 8 |  8.1
Spellcasting   | 3 4 5 6 7 |  7.9
Dodging        | |  1.7
Stealth        | |  1.7
Charms         | |  0.1

Action                   |  1- 3 |  4- 6 |  7- 9 || total
-------------------------+-------+-------+-------++-------
Melee: Unarmed           |    12 |       |       ||    12
       Short sword       |     2 |    15 |    42 ||    59
       Whip              |       |       |     9 ||     9
 Cast: Shock             |    92 |    84 |   197 ||   373
       Static Discharge  |     2 |     2 |     3 ||     7
       Swiftness         |     1 |       |     3 ||     4
       Airstrike         |       |       |     4 ||     4
  Use: Potion            |     1 |       |     2 ||     3
       Scroll            |       |     1 |     9 ||    10
  Eat: Chunk             |     6 |     4 |     9 ||    19
Armor: Robe              |     7 |       |       ||     7
       Quicksilver drago |       |    24 |    65 ||    89
Dodge: Dodged            |    34 |    16 |    64 ||   114
